 Dungeon Crawl Stone Soup version 0.31-a0-175-g9f7f995f2b (webtiles) character file.

Game seed: 654247674509654320

118 Zonian the Ruffian (level 5, -2/27 HPs)
             Began as a Vine Stalker Gladiator on June 17, 2023.
             Slain by a gnoll
             ... wielding a +0 spear
              (7 damage)
             ... on level 3 of the Dungeon.
             The game lasted 00:03:41 (2265 turns).

Zonian the Ruffian (Vine Stalker Gladiator)         Turns: 2265, Time: 00:03:41

Health: -2/27      AC:  6    Str: 18    XL:     5   Next: 2%
Magic:  0/6        EV: 13    Int:  8    God:
Gold:   122        SH:  0    Dex: 16    Spells: 4/4 levels left

rFire   . .          .
                       - Unarmed
rCold   . . .        (no shield)
rNeg    . . .        a - +0 leather armour
rPois   .            b - +0 helmet
rElec   .            (no cloak)
rCorr   .            q - +0 pair of gloves
SInv    .            f - +0 pair of boots
Will    .....        (no amulet)
Stlth   +            (no ring)
HPRegen 1.04/turn    (no ring)
MPRegen 0.10/turn

%: guardian spirit
@: no status effects
A: fangs 2, regeneration 1, magic shield, antimagic bite, no potion heal 2
a: no special abilities


You were on level 3 of the Dungeon.
You visited 1 branch of the dungeon, and saw 3 of its levels.

You collected 122 gold pieces.

Inventory:

Missiles
 c - 2 throwing nets (quivered)
 d - a javelin
Armour
 a - a +0 leather armour (worn)
 b - a +0 helmet (worn)
 f - a +0 pair of boots (worn)
 g - a +0 ring mail of cold resistance
 q - a +0 pair of gloves (worn)
Wands
 p - a wand of mindburst (16)
Scrolls
 k - a scroll of noise {unknown}
 n - a scroll of fear {unknown}
 o - a scroll of silence {unknown}
 r - a scroll of teleportation {unknown}
Potions
 e - a potion of lignification {unknown}
 h - a potion of brilliance {unknown}
 i - 2 potions of berserk rage {unknown}
 j - 3 potions of heal wounds {unknown}
 l - 2 potions of mutation {unknown}
 m - 2 potions of curing {unknown}


   Skills:
 + Level 2.7 Fighting
 + Level 2.7 Throwing
 + Level 3.1 Dodging
 + Level 3.7 Unarmed Combat


You had 4 spell levels left.
You didn't know any spells.
Your spell library contained the following spells:

 Spells                   Type           Power      Damage    Failure   Level
 Kiss of Death            Conj/Necr      0%         2d5       45%         1
 Confusing Touch          Hex            0%         N/A       83%         3
 Hailstorm                Conj/Ice       0%         3d3       83%         3
 Dispel Undead            Necr           0%         3d6       99%         4
 Ice Form                 Ice/Tmut       0%         N/A       99%         4
 Simulacrum               Ice/Necr       0%         N/A       100%        6


Dungeon Overview and Level Annotations

Branches:
Dungeon (3/15)

Altars:

Shops:
D:2 (

Annotations:
D:3 2 runed translucent doors, Leavold's ghost, amateur DESu


Innate Abilities, Weirdness & Mutations

You have extremely sharp teeth.
Your natural rate of healing is unusually fast.
When hurt, damage is shared between your health and your magic reserves.
Your bite disrupts and absorbs the magic of your enemies.
Potions cannot restore your health.


Message History

The gnoll is severely wounded.
The gnoll hits you with a +0 spear.
The gnoll hits you from afar with a +0 spear.
You closely miss the gnoll.
The gnoll is severely wounded.
The gnoll hits you from afar with a +0 spear.
The gnoll hits you with a +0 spear.
You hit the gnoll. Your bite misses the gnoll.
The gnoll is severely wounded.
The gnoll hits you with a +0 spear!
The gnoll hits you from afar with a +0 spear.
* * * LOW HITPOINT WARNING * * *
You barely miss the gnoll. You bite the gnoll, but do no damage.
The gnoll is severely wounded.
The gnoll hits you from afar with a +0 spear.
* * * LOW HITPOINT WARNING * * *
The gnoll hits you with a +0 spear.
* * * LOW HITPOINT WARNING * * *
Throw: 4 throwing nets
Press: ? - help, Q - select action, (/) - cycle Shift-Dir - straight line, f - gnoll
Aim: a gnoll, wielding a +0 spear (severely wounded, 65% to hit)
You throw a throwing net. The throwing net hits the gnoll.
The gnoll is caught in the net!
The gnoll is severely wounded.
The gnoll struggles against the net.
The gnoll barely misses you.
You hit the gnoll.
The gnoll is almost dead.
The gnoll struggles against the net.
The gnoll barely misses you.
You hit the gnoll.
You kill the gnoll!
The gnoll hits you from afar with a +0 spear.
* * * LOW HITPOINT WARNING * * *
You have reached level 5!
Throw: 3 throwing nets
Press: ? - help, Q - select action, (/) - cycle Shift-Dir - straight line, f - gnoll
Aim: a gnoll, wielding a +0 whip (65% to hit)
You throw a throwing net. The throwing net hits the gnoll.
The gnoll is caught in the net!
The gnoll hits you from afar with a +0 spear!
You die...

######### ###.
#######.#..... #.###
#.#.#### #...######.#.#
#...........#
#..#######.## ###..#
#.# #....# #.# #.#.##
#.# # #@#.# #.# #
#.####g#.# #####.# ###
#...g.#.# ......###..
#.###..#.# g......†...
#......).....########..
.....#..#....## ###
...........#.# #
####.#### ## # #
#..#....


You could see 2 gnolls.

Vanquished Creatures
  An orc wizard (D:3)
  A gnoll (D:3)
  3 adders
  4 orcs (D:3)
  3 endoplasms
  4 giant cockroaches (D:1)
  6 goblins
  3 hobgoblins
  4 jackals (D:1)
  7 kobolds
  3 quokkas
  A ball python (D:2)
  3 bats
  2 frilled lizards (D:1)
  8 rats
53 creatures vanquished.

Notes
Turn   | Place    | Note
-------+----------+-------------------------------------------
     0 | D:1      | Zonian the Vine Stalker Gladiator began the quest for the
                  | Orb.
     0 | D:1      | Reached XP level 1. HP: 11/11 MP: 2/2
   240 | D:1      | Reached XP level 2. HP: 15/15 MP: 3/3
   713 | D:1      | Reached XP level 3. HP: 9/18 MP: 1/4
  1253 | D:2      | Found Kiocagaq's Weapon Boutique.
  1842 | D:3      | Gained mutation: Your natural rate of healing is unusually
                  | fast. [Vine Stalker growth]
  1842 | D:3      | Reached XP level 4. HP: 23/23 MP: 5/5
  1986 | D:3      | Found a runed translucent door.
  1987 | D:3      | Noticed Leavold's ghost (amateur DESu)
  2024 | D:3      | Found a runed translucent door.
  2265 | D:3      | Reached XP level 5. HP: 4/27 MP: 0/6
  2265 | D:3      | Slain by a gnoll

Illustrated notes

Levels and vault maps discovered:
D:1:      dpeg_arrival_prison, layout_basic, serial_bayou_lagoon_a,
          kennysheep_decorative_pillar, minmay_3d_cube
D:2:      layout_basic, serial_shops, shop
D:3:      minmay_roachtagon, layout_loops_ring,
          yredelemnul_forgotten_temple_becter, ebering_ghost_sewer_f

Skill      XL: |  1  2  3  4 |
---------------+-------------+-----
Fighting       | 2 |  2.7
Throwing       | 2 |  2.7
Dodging        | 3 |  3.1
Unarmed Combat | |  3.7

Action                     |  1- 3 |  4- 6 || total
---------------------------+-------+-------++-------
  Melee: Unarmed           |   138 |    55 ||   193
         Bite              |    34 |    13 ||    47
         Punch             |     2 |     4 ||     6
  Throw: Throwing net      |       |     2 ||     2
 Armour: Leather armour    |    61 |    16 ||    77
  Dodge: Dodged            |   122 |    30 ||   152

Table legend: (Time is in decaauts)
 A = Elapsed time spent in this place.
 B = Non-inter-level travel time spent in this place.
 C = Inter-level travel time spent in this place.
 D = Time resting spent in this place.
 E = Time spent auto-exploring this place.
 F = Levels seen in this place.
 G = Mean time per level.
                   A        B        C        D        E       F      G
               +--------+--------+--------+--------+--------+-----+--------+
         Total |   2269 |   2188 |     81 |    677 |   1005 |   3 |  756.3 |
       Dungeon |   2269 |   2188 |     81 |    677 |   1005 |   3 |  756.3 |
               +--------+--------+--------+--------+--------+-----+--------+

Top non-repeatable levels by time:
     D:1: 987 daAuts
     D:2: 823 daAuts
     D:3: 459 daAuts
